 Dungeon Crawl Stone Soup version 0.29.1-12-g30fa7ad0bf (webtiles) character file.

Game seed: 3836361381146827074

162472 cheesebisquit the Peltast (level 17, 0/162 HPs)
             Began as a Minotaur Berserker on Jan 1, 2023.
             Was a High Priest of Trog.
             Killed by divine providence
             ... invoked by a meliai
              (14 damage)
             ... on level 4 of the Spider Nest.
             The game lasted 02:20:24 (23342 turns).

cheesebisquit the Peltast (Minotaur Berserker)     Turns: 23342, Time: 02:20:25

Health: 0/162      AC: 23    Str: 30    XL:     17   Next: 22%
Magic:  16/16      EV: 12    Int:  4    God:    Trog [*****.]
Gold:   2239       SH: 20    Dex: 10    Spells: 16/16 levels left

rFire   . . .      SeeInvis .   Z - +9 broad axe "Banaw" {vorpal, rPois}
rCold   . . .      Faith    .   x - +1 tower shield
rNeg    . . .      Spirit   .   G - +2 plate armour
rPois   +          Reflect  .   (helmet restricted)
rElec   .          Harm     .   i - +2 cloak
rCorr   .          Rampage  .   P - +2 pair of gloves
Will    +++..                   q - +2 pair of boots
Stlth   ..........              o - amulet of regeneration
HPRegen 2.17/turn               F - +4 ring of protection
MPRegen 0.15/turn               r - ring of poison resistance

@: about to teleport, strong-willed, corroded, regenerating
A: horns 2, retaliatory headbutt, subdued magic 1
a: Renounce Religion, Berserk, Trog's Hand, Brothers in Arms


You were on level 4 of the Spider Nest.
You worshipped Trog.
Trog was extremely pleased with you.
You visited 4 branches of the dungeon, and saw 26 of its levels.

You collected 2307 gold pieces.
You spent 68 gold pieces at shops.

Inventory:

Hand Weapons
 b - a +0 sling
 j - a +8 war axe
 W - a +1 eveningstar of protection
 Z - the +9 broad axe "Banaw" (weapon) {vorpal, rPois}
   (Trog gifted it to you on level 5 of the Lair of Beasts)

   It inflicts extra damage upon your enemies.
   rPois:     It protects you from poison.
Missiles
 e - 7 throwing nets
 f - 162 stones
 k - 32 poisoned darts (quivered)
 H - 8 atropa-tipped darts
 L - 9 curare-tipped darts
 S - 3 datura-tipped darts
 X - 9 silver javelins
Armour
 i - a +2 cloak (worn)
 q - a +2 pair of boots (worn)
 x - a +1 tower shield (worn)
 G - a +2 plate armour (worn)
 P - a +2 pair of gloves (worn)
Jewellery
 o - an amulet of regeneration (around neck)
 p - a ring of resist corrosion
 r - a ring of poison resistance (right hand)
 z - a ring of positive energy
 D - an amulet of reflection
 F - a +4 ring of protection (left hand)
 I - a ring of flight
 U - a +4 ring of evasion
Wands
 t - a wand of flame (63)
 y - a wand of charming (21)
 V - a wand of roots (14)
 Y - a wand of quicksilver (4)
Scrolls
 a - 4 scrolls of immolation
 n - 3 scrolls of teleportation
 s - 5 scrolls of poison
 w - 2 scrolls of blinking
 A - 3 scrolls of fog
 B - 4 scrolls of vulnerability
 E - 6 scrolls of fear
 J - a scroll of summoning
 M - 2 scrolls of brand weapon
 N - 2 scrolls of torment
 Q - a scroll of enchant weapon
 R - a scroll of magic mapping
 T - 2 scrolls of silence
Potions
 c - 4 potions of resistance
 d - a potion of cancellation
 g - a potion of ambrosia
 h - 5 potions of mutation
 l - 11 potions of curing
 m - 2 potions of lignification
 u - 2 potions of might
 v - 7 potions of flight
 C - 2 potions of magic
 K - a potion of haste


   Skills:
 - Level 17.5 Fighting
 - Level 16.0 Axes
 - Level 17.3 Armour
 - Level 16.0 Dodging
 + Level 17.6 Shields


You had 16 spell levels left.
You didn't know any spells.
Your spell library was empty.

Dungeon Overview and Level Annotations

Branches:
Dungeon (15/15)            Temple (0/1) D:4            Lair (5/5) D:8
 Spider (4/4) Lair:3        Slime (0/5) Lair:4          Orc (2/2) D:9
    Elf (0/3) Orc:2        Vaults (0/5) D:14         Depths (0/4) D:15
  Swamp: Lair:2-3    Shoals: Lair:2-3

Altars:
Ashenzari
Cheibriados
Elyvilon
Makhleb
Qazlal
Sif Muna
Trog
Vehumet
Wu Jian
Xom
The Shining One

Shops:
D:15 (   Orc:2 ?:((

Portals:
Hell: Lair:5
Trove: D:14 (give 6 potions of haste)

Annotations:
Lair:2 1 runed translucent door, ctx's ghost, journeyman MeEE


Innate Abilities, Weirdness & Mutations

You have a pair of horns on your head.
You reflexively headbutt those who attack you in melee.
Your spells are a little easier to cast, but a little less powerful.


Message History

The emperor scorpion simulacrum freezes you!!
* * * LOW HITPOINT WARNING * * *
You block the emperor scorpion simulacrum's attack.
The emperor scorpion simulacrum barely misses you.
You block the steelbarb worm's attack. The culicivora closely misses you.
You furiously retaliate!
You headbutt the culicivora, but do no damage.
The redback simulacrum barely misses you.
You furiously retaliate!
You headbutt the redback simulacrum!
The redback simulacrum vaporises!
The entropy weaver hits you but does no damage. x2
You block the entropy weaver's attack.
The entropy weaver hits you but does no damage.
The redback bites you but does no damage.
Okay, then.
Blink to where?
Press: ? - help, Dir - move target
As you read the scroll of blinking, it crumbles to dust.
As you read the scroll of teleportation, it crumbles to dust.
You feel strangely unstable.
The jumping spider leaps!
Your surroundings suddenly seem different.
A radroach, 3 spiders, 2 meliai and an emperor scorpion come into view.
The jumping spider's many legs skitter faintly. x2
The meliai buzzes angrily. x2
A meliai comes into view. It is wielding a +0 hand axe.
The jumping spider leaps!
The jumping spider moves out of view.
As you read the scroll of teleportation, it crumbles to dust.
You feel strangely unstable.
The meliai buzzes angrily.
The jumping spider pounces on you but does no damage.
You block the jumping spider's attack.
The meliai calls down the wrath of its god upon you.
Something smites you!
* * * LOW HITPOINT WARNING * * *
You block the redback's attack.
The jumping spider leaps!
You block the redback's attack.
The meliai invokes the aid of its god against you.
Something smites you!
You die...

###........
##..^.....^..
#..^.y.......
............
####...........
#....^y........
##....○.........
#.^....ys.......
##......@.......
##.....B.......
#...s....^..##
##..^.#^...^#
##..s#....##
#^..##.### #####
##


You could see an emperor scorpion, a radroach, a jumping spider, a redback and 3
meliai.

Vanquished Creatures
  Arachne (Spider:3)
  Jorgrun (Spider:2)
  Agnes (Spider:3)
  2 emperor scorpions
  Louise (D:14)
  2 ghost moths (Spider:3)
  4 broodmothers
  A stone giant (D:15)
  A spark wasp (Spider:1)
  4 entropy weavers
  Harold (D:9)
  Erolcha (D:9)
  A hell beast (Lair:5)
  10 hydras
  5 boulder beetles
  A jorogumo (Spider:3)
  5 centaur warriors
  5 two-headed ogres
  A death knight (D:15)
  7 death yaks
  Urug (Lair:3)
  5 orc high priests (Orc:2)
  A tengu warrior (D:15)
  Sonja (Lair:1)
  Nergalle (D:11)
  5 skeletal warriors (D:15)
  7 pharaoh ants
  4 steelbarb worms
  An orb spider (Spider:1)
  A wizard (Lair:5)
  12 orc knights
  An orc sorcerer (Orc:1)
  15 wolf spiders
  2 deep elf pyromancers (D:12)
  7 ugly things
  7 manticores
  6 cyclopes
  15 elephants
  5 black mambas
  A moth of wrath (Spider:2)
  7 torpor snails
  A gargoyle (D:11)
  A black mamba (shapeshifter) (D:13)
  An orange demon (Lair:5)
  16 cane toads
  2 unseen horrors (D:12)
  A yaktaur (D:15)
  2 kobold demonologists (D:12)
  2 efreet (D:15)
  6 demonic crawlers
  10 komodo dragons
  4 rime drakes
  A hellwing (Lair:5)
  2 ice devils (Lair:5)
  A freezing wraith (D:14)
  2 red devils (Lair:5)
  3 trolls
  A tyrant leech (Lair:5)
  2 polar bears
  Grinder (D:6)
  6 meliai (Spider:3)
  26 tarantellas
  10 slime creatures
  21 dream sheep
  49 blink frogs
  45 jumping spiders
  2 vampires
  26 culicivoras
  A shadow (D:12)
  6 wraiths
  7 wyverns
  52 yaks
  5 basilisks
  16 humans (D:14)
  59 redbacks
  A steam dragon (D:9)
  12 vampire mosquitoes
  3 swamp worms (Lair:5)
  4 hell hounds (Lair:5)
  3 acid dragons
  9 water moccasins
  24 orc warriors
  An ice beast (D:5)
  A sky beast (D:8)
  A black bear (Lair:4)
  9 ogres
  18 wolves
  16 centaurs
  A phantom (D:6)
  6 kobold brigands
  6 bullfrogs
  2 scorpions
  11 wights
  4 killer bees (D:9)
  4 electric eels
  3 howler monkeys
  9 hounds
  5 jellies
  26 orc priests
  An iguana (D:6)
  Jessica (D:2)
  Natasha (thrice) (D:2)
  19 orc wizards
  5 gnolls
  4 adders
  2 shadow imps
  2 white imps
  3 ufetubi
  4 worms
  A dart slug (D:2)
  77 orcs
  5 ball pythons
  3 bats
  3 endoplasms
  2 giant cockroaches
  5 goblins
  8 hobgoblins
  5 quokkas
  4 frilled lizards (D:1)
  13 kobolds
  3 rats
  2 bushes (D:15)
904 creatures vanquished.

Vanquished Creatures (others)
  An orc wizard (Orc:2)
  An orc (D:8)
  35 fungi
  50 plants
87 creatures vanquished.

Grand Total: 991 creatures vanquished

Notes
Turn   | Place    | Note
-------+----------+-------------------------------------------
     0 | D:1      | cheesebisquit the Minotaur Berserker began the quest for
                  | the Orb.
     0 | D:1      | Reached XP level 1. HP: 19/19 MP: 0/0
   207 | D:1      | Reached XP level 2. HP: 25/27 MP: 1/1
   496 | D:1      | Found a faded altar of an unknown god.
   630 | D:2      | Found a broken altar of Ashenzari.
   728 | D:2      | Noticed Natasha
   739 | D:2      | Killed Natasha
   740 | D:2      | Reached XP level 3. HP: 22/33 MP: 2/2
   898 | D:2      | Noticed Jessica
   899 | D:2      | Noticed Natasha
   900 | D:2      | Killed Jessica
   901 | D:2      | Reached XP level 4. HP: 41/41 MP: 3/3
   901 | D:2      | Killed Natasha
   916 | D:2      | Noticed Natasha
   952 | D:2      | Killed Natasha
   953 | D:2      | Reached skill level 5 in Axes
  1019 | D:2      | Reached ** piety under Trog
  1082 | D:2      | Reached XP level 5. HP: 42/47 MP: 4/4
  2139 | D:4      | Reached XP level 6. HP: 51/53 MP: 5/5
  2377 | D:4      | Found a staircase to the Ecumenical Temple.
  2392 | D:4      | Reached *** piety under Trog
  2430 | D:4      | Found a shimmering blue altar of Sif Muna.
  2430 | D:4      | Found a shimmering altar of Xom.
  2430 | D:4      | Found a bloodstained altar of Trog.
  2430 | D:4      | Found a snail-covered altar of Cheibriados.
  2450 | D:4      | Found a glowing golden altar of the Shining One.
  2452 | D:4      | Found a radiant altar of Vehumet.
  2518 | D:5      | Entered Level 5 of the Dungeon
  2711 | D:5      | Noticed an ice beast
  2718 | D:5      | Killed an ice beast
  2719 | D:5      | Reached XP level 7. HP: 52/60 MP: 6/6
  3505 | D:6      | Reached skill level 10 in Axes
  3724 | D:6      | You fall into a shaft and drop 2 floors!
  3888 | D:6      | Reached XP level 8. HP: 66/67 MP: 7/7
  4015 | D:6      | Noticed Grinder
  4025 | D:6      | Killed Grinder
  5379 | D:7      | Reached XP level 9. HP: 72/72 MP: 8/8
  5510 | D:7      | Found a stormy altar of Qazlal.
  5754 | D:8      | Noticed a troll
  5761 | D:8      | Killed a troll
  5804 | D:8      | Found a staircase to the Lair.
  5812 | D:8      | Noticed a troll
  6057 | D:7      | Killed a troll
  6058 | D:7      | Reached skill level 15 in Axes
  7085 | D:9      | Reached skill level 5 in Fighting
  7092 | D:9      | Reached XP level 10. HP: 79/81 MP: 9/9
  7122 | D:9      | Found a white marble altar of Elyvilon.
  7163 | D:9      | Reached **** piety under Trog
  7388 | D:9      | Noticed Harold
  7400 | D:9      | Killed Harold
  7401 | D:9      | Reached skill level 5 in Armour
  7417 | D:9      | Reached skill level 5 in Dodging
  7474 | D:9      | Found a staircase to the Orcish Mines.
  7595 | D:9      | Noticed Erolcha
  7608 | D:9      | Killed Erolcha
  7797 | D:10     | Entered Level 10 of the Dungeon
  7872 | D:10     | Noticed a two-headed ogre
  7887 | D:10     | Killed a two-headed ogre
  7937 | D:10     | Noticed a two-headed ogre
  7944 | D:10     | Killed a two-headed ogre
  8223 | D:10     | Reached XP level 11. HP: 69/94 MP: 10/10
  8277 | D:10     | Noticed a two-headed ogre
  8285 | D:10     | Killed a two-headed ogre
  8788 | D:11     | Noticed Nergalle
  8800 | D:11     | Killed Nergalle
  9195 | D:11     | Noticed a six-headed hydra
  9204 | D:11     | Killed a six-headed hydra
  9307 | D:11     | Reached skill level 10 in Fighting
  9462 | D:11     | Noticed a purple ugly thing
  9474 | D:11     | Killed a purple ugly thing
  9814 | D:12     | Reached skill level 10 in Armour
  9928 | D:12     | Noticed a purple ugly thing
  9945 | D:12     | Killed a purple ugly thing
  9946 | D:12     | Reached XP level 12. HP: 91/108 MP: 11/11
 10071 | D:12     | Noticed a seven-headed hydra
 10078 | D:12     | Killed a seven-headed hydra
 10353 | D:12     | Reached skill level 10 in Dodging
 10526 | D:12     | Gained mutation: Your spells are a little easier to cast,
                  | but a little less powerful. [a neqoxec]
 10650 | D:12     | Noticed a two-headed hydra
 10658 | D:12     | Killed a seven-headed hydra
 10956 | Lair:1   | Entered Level 1 of the Lair of Beasts
 11150 | Lair:1   | Noticed Sonja
 11167 | Lair:1   | Killed Sonja
 11816 | Lair:1   | Reached XP level 13. HP: 119/119 MP: 12/12
 11976 | Lair:2   | Found a runed translucent door.
 11977 | Lair:2   | Found a shimmering altar of Xom.
 11977 | Lair:2   | Noticed ctx's ghost (journeyman MeEE)
 12054 | Lair:2   | Found an ornate altar of the Wu Jian Council.
 12233 | Lair:2   | You fall into a shaft and drop 1 floor!
 12480 | Lair:3   | Found a hole to the Spider Nest.
 12773 | Lair:3   | Noticed Urug
 12787 | Lair:3   | Killed Urug
 13454 | Lair:4   | Reached XP level 14. HP: 133/133 MP: 13/13
 13584 | Lair:4   | Found a staircase to the Slime Pits.
 13738 | Lair:4   | Reached skill level 15 in Fighting
 13788 | Lair:4   | Reached ***** piety under Trog
 14279 | Lair:5   | Entered Level 5 of the Lair of Beasts
 14355 | Lair:5   | Reached skill level 15 in Armour
 15195 | Lair:5   | Found a burning altar of Makhleb.
 15218 | Lair:5   | Identified the +9 broad axe "Banaw" {vorpal, rPois} (Trog
                  | gifted it to you on level 5 of the Lair of Beasts)
 15218 | Lair:5   | Received a gift from Trog
 15267 | Lair:5   | Found a gateway to Hell.
 16086 | Orc:1    | Entered Level 1 of the Orcish Mines
 16095 | Orc:1    | Paralysed by an orc sorcerer for 2 turns
 16099 | Orc:1    | Reached skill level 15 in Dodging
 16299 | Orc:2    | Entered Level 2 of the Orcish Mines
 16514 | Orc:2    | Found a staircase to the Elven Halls.
 16620 | Orc:2    | Found a shimmering altar of Xom.
 16668 | Orc:2    | Received a gift from Trog
 16669 | Orc:2    | Reached XP level 15. HP: 145/145 MP: 14/14
 17312 | Orc:2    | Found Moekaz's Antique Weapon Emporium.
 17313 | Orc:2    | Found Semeckum's Book Shoppe.
 17313 | Orc:2    | Found Syb Ysis's Magic Scroll Emporium.
 17314 | Orc:2    | Found Heylir's Antique Weapon Emporium.
 17323 | Orc:2    | Bought a scroll of identify for 34 gold pieces
 17323 | Orc:2    | Bought a scroll of identify for 34 gold pieces
 17876 | D:13     | Received a gift from Trog
 18484 | D:14     | Found a gate to the Vaults.
 18577 | D:14     | Noticed Louise
 18595 | D:14     | Killed Louise
 18681 | D:14     | Reached skill level 1 in Shields
 18795 | D:14     | Found a portal to a secret trove of treasure.
 18940 | D:15     | Entered Level 15 of the Dungeon
 19086 | D:15     | Reached skill level 5 in Shields
 19117 | D:15     | Found a staircase to the Depths.
 19177 | D:15     | Found Cise's Weapon Shoppe.
 19582 | D:15     | Reached XP level 16. HP: 148/155 MP: 15/15
 19955 | Spider:1 | Entered Level 1 of the Spider Nest
 20101 | Spider:1 | Identified the +3 dagger "Zaudamud" {protect, rPois rN+
                  | Str-5}
 20289 | Spider:1 | Reached skill level 10 in Shields
 20397 | Spider:1 | You fall into a shaft and drop 1 floor!
 21283 | Spider:2 | Received a gift from Trog
 21355 | Spider:2 | Noticed Jorgrun
 21381 | Spider:2 | Killed Jorgrun
 21761 | Spider:2 | Reached skill level 15 in Shields
 21872 | Spider:2 | Received a gift from Trog
 22361 | Spider:3 | Noticed Arachne
 22602 | Spider:3 | Reached XP level 17. HP: 129/162 MP: 16/16
 22705 | Spider:3 | Noticed Agnes
 22715 | Spider:3 | Killed Agnes
 23067 | Spider:3 | Killed Arachne
 23259 | Spider:4 | Entered Level 4 of the Spider Nest
 23342 | Spider:4 | Killed from afar by a meliai

Illustrated notes

Levels and vault maps discovered:
D:1:      mrwooster_arrival_statue, layout_basic,
          dreamdust_ecumenical_altar_angels_and_demons
D:2:      layout_rooms, basic_altar, guppyfry_early_lair_pool, uniq_natasha,
          uniq_jessica
D:3:      layout_loops_ring
D:4:      layout_basic, minmay_overflow_temple_hex, temple_fountains,
          dreamdust_gnoll_farm
D:5:      layout_basic, st_stairs_7
D:6:      layout_basic, chequers_serial_rivers_small_a, minmay_misc_feat_alley,
          uniq_grinder
D:7:      layout_basic, nicolae_qazlal_general_emergency, minivault_14
D:8:      layout_cave_pools, erik_lair_island
D:9:      layout_loops_ring, mainiacjoe_overflow_surrounded_room, orc_0_dummy,
          hangedman_decor_peaks_small, kennysheep_big_empty_room, uniq_erolcha,
          uniq_harold
D:10:     layout_long_grid
D:11:     layout_gridville, uniq_nergalle
D:12:     layout_irregular_city, hangedman_ranch
D:13:     layout_rooms
D:14:     layout_long_grid, david_vaults_3, nicolae_trove_entry_columns,
          drop_trap, uniq_louise
D:15:     grunt_enter_depths_giant_problem, layout_cave_pools, serial_park,
          serial_park_tiny_pond, serial_park_square1
          [serial_park_minivault_5x5_3], serial_shops, shop_statue,
          minmay_circle_x
Lair:1:   layout_regular_city, uniq_sonja
Lair:2:   layout_roguey, minmay_shoals_entry_lonely_mermaid, ebering_ghost_xom,
          basic_altar
Lair:3:   cheibrodos_lair_river_kwai, layout_cave_pods,
          spider_nest_entry_rubble, hangedman_lair_generics_rect, uniq_urug
Lair:4:   layout_regular_city, slime_entry_1
Lair:5:   evil_forest, layout_layer_cave, worms_lemuel
Spider:1: layout_chambers
Spider:2: nicolae_spider_mines_3, guppyfry_spider_mini_1, uniq_jorgrun
Spider:3: layout_cave_pods, nicolae_spider_some_kinda_spiderbox, uniq_arachne,
          uniq_agnes
Spider:4: grunt_spider_rune_circles
Orc:1:    layout_diamond_mine, serial_shops, nicolae_shop_trees
Orc:2:    st_orc_pillars, layout_caves, basic_altar

Skill      XL: |  1  2  3  4  5  6  7  8  9 10 11 12 13 14 15 16 17 |
---------------+----------------------------------------------------+-----
Axes           | 4 5 7 8 10 13 16 | 16.0
Fighting       | 4 5 8 10 12 14 16 17 | 17.5
Armour         | 3 4 7 10 12 14 16 17 | 17.3
Dodging        | 3 4 7 9 11 13 15 16 | 16.0
Shields        | 8 16 17 | 17.6

Action                   |  1- 3 |  4- 6 |  7- 9 | 10-12 | 13-15 | 16-18 || total
-------------------------+-------+-------+-------+-------+-------+-------++-------
Melee: Hand axe          |    53 |   125 |    35 |       |       |       ||   213
       Headbutt          |     8 |    21 |    28 |    76 |   244 |    92 ||   469
       Punch             |     1 |       |     2 |     5 |    13 |       ||    21
       War axe           |       |       |   174 |   348 |   509 |       ||  1031
       Morningstar       |       |       |       |    52 |       |       ||    52
       Eveningstar       |       |       |       |       |   131 |       ||   131
       Broad axe         |       |       |       |       |   408 |   500 ||   908
Invok: Berserk           |     2 |     1 |     4 |    14 |    17 |    12 ||    50
       Trog's Hand       |       |       |     6 |    16 |    21 |    13 ||    56
       Brothers in Arms  |       |       |       |       |     1 |       ||     1
  Use: Scroll            |       |    11 |     7 |     6 |    12 |     8 ||    44
       Potion            |       |       |       |       |     2 |     4 ||     6
Armor: Animal skin       |     2 |       |       |       |       |       ||     2
       Ring mail         |    13 |    38 |       |       |       |       ||    51
       Scale mail        |       |    27 |       |       |       |       ||    27
       Chain mail        |       |       |    83 |       |       |       ||    83
       Plate armour      |       |       |    61 |   358 |   766 |   511 ||  1696
Dodge: Dodged            |    28 |    67 |    99 |   157 |   628 |   265 ||  1244
Block: Tower shield      |       |       |       |       |   135 |   598 ||   733
